 Dungeon Crawl Stone Soup version 0.29.1-2-gbd0b4ee654 (webtiles) character file.

Game seed: 9974247379390364924

249 safid the Shooter (level 5, -3/48 HPs)
             Began as a Minotaur Hunter on Oct 26, 2022.
             Slain by a steam dragon (8 damage)
             ... on level 4 of the Dungeon.
             The game lasted 00:03:54 (3414 turns).

safid the Shooter (Minotaur Hunter)                 Turns: 3414, Time: 00:03:56

Health: -3/48      AC:  3    Str: 16    XL:     5   Next: 87%
Magic:  4/4        EV: 12    Int:  6    God:
Gold:   166        SH:  0    Dex: 15    Spells: 4/4 levels left

rFire   . . .      SeeInvis .   a - +0 shortbow
rCold   . . .      Faith    .   (shield currently unavailable)
rNeg    + . .      Spirit   .   c - +0 leather armour
rPois   .          Reflect  .   (helmet restricted)
rElec   .          Harm     .   (no cloak)
rCorr   .          Rampage  .   (no gloves)
Will    .....                   (no boots)
Stlth   +.........              (no amulet)
HPRegen 0.16/turn               h - ring of positive energy
MPRegen 0.09/turn               (no ring)

@: no status effects
A: horns 2, retaliatory headbutt
a: no special abilities


You were on level 4 of the Dungeon.
You visited 1 branch of the dungeon, and saw 4 of its levels.

You collected 166 gold pieces.

Inventory:

Hand Weapons
 a - a +0 shortbow (weapon)
Armour
 c - a +0 leather armour (worn)
Jewellery
 h - a ring of positive energy (left hand)
 o - an amulet of magic regeneration
 r - a ring of ice
Scrolls
 b - a scroll of immolation
 g - 3 scrolls of enchant armour {unknown}
 i - 2 scrolls of amnesia {unknown}
 k - 5 scrolls of vulnerability {unknown}
 m - a scroll of noise {unknown}
 n - a scroll of identify {unknown}
 p - a scroll of teleportation {unknown}
 v - a scroll of blinking {unknown}
Potions
 d - a potion of might {unknown}
 e - 2 potions of brilliance {unknown}
 f - a potion of ambrosia {unknown}
 j - a potion of lignification {unknown}
 l - a potion of cancellation {unknown}
 q - a potion of attraction {unknown}
 s - 2 potions of degeneration {unknown}
 t - a potion of mutation {unknown}
 u - a potion of flight {unknown}


   Skills:
 + Level 5.5 Fighting
 + Level 6.3 Ranged Weapons
 - Level 2.1 Dodging
 - Level 0.7 Stealth


You had 4 spell levels left.
You didn't know any spells.
Your spell library contained the following spells:

 Spells                   Type           Power      Damage    Failure   Level
 Beastly Appendage        Tmut           0%         N/A       52%         1
 Wereblood                Tmut           0%         N/A       67%         2
 Ignite Poison            Fire/Tmut/Pois 0%         N/A       88%         3
 Mephitic Cloud           Conj/Pois/Air  0%         N/A       88%         3
 Spider Form              Tmut/Pois      0%         N/A       88%         3
 Freezing Cloud           Conj/Ice/Air   0%         6-21      100%        5


Dungeon Overview and Level Annotations

Branches:
Dungeon (4/15)
 Temple: D:4-7

Altars:
Kikubaaqudgha
Qazlal
Sif Muna


Innate Abilities, Weirdness & Mutations

You have a pair of horns on your head.
You reflexively headbutt those who attack you in melee.


Message History

The arrow barely misses the steam dragon.
The steam dragon breathes steam at you. The ball of steam misses you.
You are engulfed in a cloud of scalding steam.
Fire: a) +0 shortbow
Press: ? - help, Q - select action Shift-Dir - straight line, f/p - steam dragon
Aim: a steam dragon (steam, 64% to hit)
You shoot an arrow.
The arrow completely misses the steam dragon.
Unknown command.
Fire: a) +0 shortbow
Press: ? - help, Q - select action Shift-Dir - straight line, f/p - steam dragon
Aim: a steam dragon (64% to hit)
You shoot an arrow.
The arrow closely misses the steam dragon.
Unknown command.
Fire: a) +0 shortbow
Press: ? - help, Q - select action Shift-Dir - straight line, f/p - steam dragon
Aim: a steam dragon (64% to hit)
You shoot an arrow.
The arrow hits the steam dragon but does no damage.
The steam dragon breathes steam at you. The ball of steam hits you!
* * * LOW HITPOINT WARNING * * *
The steam dragon attacks as you move away!
The steam dragon closely misses you. The steam dragon claws you.
* * * LOW HITPOINT WARNING * * *
You are engulfed in a cloud of scalding steam.
* * * LOW HITPOINT WARNING * * *
The steam dragon attacks as you move away!
The steam dragon bites you.
* * * LOW HITPOINT WARNING * * *
The steam dragon barely misses you.
Fire: a) +0 shortbow
Press: ? - help, Q - select action Shift-Dir - straight line, f/p - steam dragon
Aim: a steam dragon (steam, catching its breath, 64% to hit)
You shoot an arrow. The arrow hits the steam dragon!
The steam dragon is moderately wounded.
The steam dragon bites you!
You die...

.## #§ #.# #...)........ ..#
#D####.# #.##...###### ..#
#..§...# #.###.## # ..# #####..#
#.# #.# # .##
#..#####.###.####### ##
#.............>..... #
##.################# # #D## # #
#####§@######### # #
#..............# # #
##.####.###+###'# # #
#.........#.....# # #
#..####.#.#.###.# # #
#######..####..##.....### # #
#...............+.._..'.######
####.##.......#...##.....#.......
<....#..#####......#.###.########


You could see a steam dragon (catching breath).

Vanquished Creatures
  A phantom (D:4)
  9 adders
  3 dart slugs
  An orc (D:3)
  9 endoplasms
  4 giant cockroaches
  5 goblins
  10 hobgoblins
  8 jackals
  4 quokkas
  4 ball pythons
  8 bats
  4 frilled lizards
  4 kobolds
  6 rats
80 creatures vanquished.

Notes
Turn   | Place    | Note
-------+----------+-------------------------------------------
     0 | D:1      | safid the Minotaur Hunter began the quest for the Orb.
     0 | D:1      | Reached XP level 1. HP: 18/18 MP: 0/0
   164 | D:1      | Reached XP level 2. HP: 25/25 MP: 1/1
   819 | D:1      | Found a faded altar of an unknown god.
   981 | D:2      | Reached skill level 5 in Ranged Weapons
   981 | D:2      | Reached XP level 3. HP: 25/31 MP: 2/2
  1360 | D:2      | Reached XP level 4. HP: 40/40 MP: 3/3
  1483 | D:2      | Found an ancient bone altar of Kikubaaqudgha.
  2377 | D:3      | Found a stormy altar of Qazlal.
  2423 | D:3      | Reached XP level 5. HP: 42/47 MP: 4/4
  3049 | D:4      | Noticed a phantom
  3053 | D:4      | Reached skill level 5 in Fighting
  3066 | D:4      | Killed a phantom
  3067 | D:4      | Reached skill level 6 in Ranged Weapons
  3319 | D:4      | Found a shimmering blue altar of Sif Muna.
  3398 | D:4      | Noticed a steam dragon
  3414 | D:4      | Slain by a steam dragon

Illustrated notes

Levels and vault maps discovered:
D:1:      dpeg_arrival_rhombi, layout_loops_cross,
          hellmonk_ecumenical_altar_defaced_shrine, minivault_5, minmay_cupped
D:2:      layout_loops_corners, basic_altar, minmay_unequal
D:3:      layout_loops_ring, lemuel_doored_altar, due_unseen_surprise
D:4:      layout_loops_ring, mainiacjoe_overflow_six_doors_small

Skill      XL: |  1  2  3  4  5 |
---------------+----------------+-----
Fighting       | 3 4 5 |  5.5
Ranged Weapons | 5 6 |  6.3
Dodging        | |  2.1
Stealth        | |  0.7

Action                   |  1- 3 |  4- 6 || total
-------------------------+-------+-------++-------
 Fire: Shortbow          |    89 |   148 ||   237
Armor: Leather armour    |    14 |    16 ||    30
Dodge: Dodged            |    46 |    47 ||    93
